AoeStats
← waLLefps.

African Clearing

506833013Analyzed
2v2 RM · 16d ago on Sep 15, 2026· 46m 50s· 4 players
Game mode
Random Map
Map size
Medium (4 player)
Population
200
Speed
Normal
Resources
Standard
Victory
Conquest
Starting age
Dark Age
Ending age
Imperial Age
RankedLock teamsTeams togetherTeam positionsShared explorationLock speedFull tech treeHidden civsTurbo modeCheats
Victory
Defeat
🇹🇷 Chinese · Türkiye
1398
+15
🇹🇷 Dravidians · Türkiye
1373
+16
🇨🇳 Jurchens · China
1397
-16
🇨🇳 Vietnamese · China
1369
-15
CALF-PICO
13:30 Feudal Age
14:26 Loom
18:28 Castle Age
16:32 Double-Bit Axe
16:40 Fletching
16:38 Horse Collar
25:21 Wheelbarrow
27:40 Gold Mining
29:12 Padded Archer Armor
31:48 Imperial Age
30:25 Bodkin Arrow
32:59 Leather Archer Armor
34:42 Ballistics
37:39 Chemistry
39:01 Bracer
40:36 Ring Archer Armor
41:14 Light Cavalry
Mustafa90
4:01 Loom
12:53 Feudal Age
13:57 Double-Bit Axe
20:41 Castle Age
21:12 Wheelbarrow
22:54 Bow Saw
24:19 Town Watch
30:05 Fletching
32:14 Bodkin Arrow
34:09 Ballistics
35:50 Bloodlines
39:10 Fortified Bastions
40:21 Masonry
39:54 Treadmill Crane
43:04 Scale Barding Armor
45:54 Imperial Age
43:51 Padded Archer Armor
46:05 Hand Cart
46:11 Siege Engineers
46:40 Bracer
waLLefps.
2:49 Loom
13:48 Feudal Age
17:32 Castle Age
17:13 Double-Bit Axe
18:26 Bow Saw
25:06 Fletching
26:39 Bodkin Arrow
36:02 Wheelbarrow
35:26 Horse Collar
35:59 Padded Archer Armor
37:11 Leather Archer Armor
37:05 Gold Mining
37:55 Hand Cart
37:30 Town Watch
42:32 Imperial Age
42:38 Squires
42:24 Arson
42:40 Scale Mail Armor
42:51 Forging
43:37 Chain Mail Armor
42:59 Elite Fire Lancer
44:05 Heavy Plow
45:11 Two-Man Saw
44:58 Iron Casting
45:45 Plate Mail Armor
46:31 Gold Shaft Mining
45:36 Capped Ram
Tameryig1t
4:06 Loom
14:17 Feudal Age
18:37 Castle Age
19:07 Scale Mail Armor
19:17 Forging
19:54 Double-Bit Axe
24:05 Fletching
29:23 Wheelbarrow
28:33 Town Watch
32:36 Chain Mail Armor
36:59 Imperial Age
36:00 Iron Casting
35:21 Bodkin Arrow
35:27 Padded Archer Armor
36:20 Bow Saw
35:56 Horse Collar
37:00 Ballistics
37:52 Heavy Plow
40:04 Chemistry
39:05 Bracer
39:59 Conscription
41:01 Leather Archer Armor
45:37 Two-Man Saw
45:25 Elite Elephant Archer
47:01 Gold Mining
47:01 Stone Mining
Connection lost

Rejoining the realm…

Still unreachable

The connection could not be restored.

Session expired

The server has moved on; the page needs a fresh start.